 Dungeon Crawl Stone Soup version 0.29-a0-322-g68df515428 (webtiles) character file.

Game seed: 14800425630229767600

158 101zpm the Covered (level 5, 0/33 HPs)
             Began as a Gargoyle Fighter on Apr 8, 2022.
             Slain by a wight
             ... wielding a +4 war axe
              (2 damage)
             ... on level 4 of the Dungeon.
             The game lasted 00:06:18 (2368 turns).

101zpm the Covered (Gargoyle Fighter)               Turns: 2368, Time: 00:06:19

Health: 0/33       AC: 14    Str: 22    XL:     5   Next: 40%
Magic:  0/5        EV: 10    Int:  8    God:
Gold:   101        SH:  4    Dex:  9    Spells: 4/4 levels left

rFire   . . .      SeeInvis .   n - +1 mace (vorpal)
rCold   . . .      Faith    .   c - +0 buckler
rNeg    + . .      Spirit   +   o - +3 ring mail "Siotuon" {Rampage}
rPois   ∞          Reflect  .   (no helmet)
rElec   +          Harm     .   k - scarf {repulsion}
rCorr   .          Rampage  +   (no gloves)
Will    .....                   a - +0 pair of boots
Stlth   ..........              e - amulet of guardian spirit
HPRegen 0.11/turn               q - ring of flight
MPRegen 0.09/turn               (no ring)

@: flying, repel missiles
A: sickness immunity, AC +4, negative energy resistance 1, electricity
resistance, torment resistance 1, petrification resistance
a: no special abilities


You were on level 4 of the Dungeon.
You visited 1 branch of the dungeon, and saw 4 of its levels.

You collected 101 gold pieces.

Inventory:

Hand Weapons
 n - a +1 vorpal mace (weapon)
Armour
 a - a +0 pair of boots (worn)
 b - a +0 scale mail
 c - a +0 buckler (worn)
 k - a scarf of repulsion (worn)
 o - the +3 ring mail "Siotuon" (worn) {Rampage}
   (You found it on level 2 of the Dungeon)

   Rampage:   It bestows one free step when moving towards enemies.
Jewellery
 e - an amulet of guardian spirit (around neck)
 q - a ring of flight (left hand)
Scrolls
 f - a scroll of enchant armour {unknown}
 g - 2 scrolls of teleportation {unknown}
 h - a scroll of immolation {unknown}
 i - 4 scrolls of identify {unknown}
 p - a scroll of holy word {unknown}
 r - a scroll of amnesia {unknown}
Potions
 d - a potion of might
 j - a potion of haste {unknown}
 l - a potion of heal wounds {unknown}
 m - 3 potions of curing {unknown}


   Skills:
 + Level 3.8 Fighting
 + Level 3.6 Maces & Flails
 + Level 4.5 Armour
 + Level 0.5 Dodging
 + Level 0.1 Stealth
 + Level 3.8 Shields


You had 4 spell levels left.
You didn't know any spells.
Your spell library was empty.

Dungeon Overview and Level Annotations

Branches:
Dungeon (4/15)
 Temple: D:4-7

Altars:

Shops:
D:1 *   D:4 =

Annotations:
D:3 1 runed translucent door, Crazy Yiuf, Sigmund


Innate Abilities, Weirdness & Mutations

You are immune to sickness and miasma.
Your stone body is resilient. (AC +4)
You are immune to poison.
You resist negative energy. (rN+)
You are resistant to electric shocks. (rElec)
You are resistant to unholy torment.
You are immune to petrification.


Message History

3 wights come into view.
A wight is wielding a +4 battleaxe of freezing.
You sock the wight!
The wight is severely damaged.
The wight hits you but does no damage. The wight hits you with a +0 dagger.
You barely miss the wight.
The wight is severely damaged.
You block the wight's attack.
You hit the wight but do no damage.
The wight is severely damaged.
The wight hits you but does no damage.
You hit the wight.
The wight is almost destroyed.
The wight hits you with a +0 dagger.
You hit the wight.
You destroy the wight!
The wight hits you with a +4 war axe. The wight barely misses you.
The wight hits you with a +4 battleaxe of freezing!
The wight freezes you.
* * * LOW HITPOINT WARNING * * *
You have reached level 5!
The wight attacks as you move away! The wight hits you with a +4 war axe!
* * * LOW HITPOINT WARNING * * *
The wight attacks as you move away! You block the wight's attack.
The wight attacks as you move away! The wight barely misses you.
The wight attacks as you move away! The wight hits you with a +0 scimitar.
* * * LOW HITPOINT WARNING * * *
The wight attacks as you move away! The wight barely misses you.
The wight attacks as you move away! You block the wight's attack.
The wight attacks as you move away! You block the wight's attack.
The wight attacks as you move away! The wight closely misses you.
The wight attacks as you move away! The wight hits you but does no damage.
The wight attacks as you move away! You block the wight's attack.
The wight attacks as you move away! The wight hits you but does no damage.
The wight attacks as you move away! The wight barely misses you.
The wight attacks as you move away! The wight hits you but does no damage.
An orc comes into view. It is wielding a +0 hand axe.
The orc shouts!
The wight attacks as you move away! The wight hits you with a +4 war axe.
You die...

....##......##.....
....##.................
$....#................#
...................o..#
........##.##........#
..$.....##..........####
........#............$.##
..##...)......#.........##
..............#z@.<......#
..............z.........#
...####....8...8##......#
....###.........###....##
.............<...8......#
..........#.........#....#
...#.###..#8...∩...8##..##
. #. .....#...........# #
........8...>.....#


You could see 2 wights and an orc.

Vanquished Creatures
  A wight (D:4)
  3 adders
  4 worms
  2 dart slugs (D:1)
  7 orcs
  2 bats (D:1)
  5 endoplasms
  3 giant cockroaches
  2 goblins
  5 hobgoblins
  3 kobolds
  4 quokkas
  6 ball pythons
  A frilled lizard (D:2)
  8 rats
  A spectral kobold (D:2)
57 creatures vanquished.

Notes
Turn   | Place    | Note
-------+----------+-------------------------------------------
     0 | D:1      | 101zpm the Gargoyle Fighter began the quest for the Orb.
     0 | D:1      | Reached XP level 1. HP: 14/14 MP: 1/1
    70 | D:1      | Reached XP level 2. HP: 19/19 MP: 2/2
   205 | D:1      | Found Gisinol's General Store.
   454 | D:1      | Reached XP level 3. HP: 23/23 MP: 3/3
  1060 | D:2      | Reached XP level 4. HP: 22/29 MP: 2/4
  1155 | D:2      | Found a faded altar of an unknown god.
  1216 | D:2      | Identified the +3 ring mail "Siotuon" {Rampage}
  1505 | D:2      | Reached skill level 4 in Armour
  1910 | D:3      | Found a runed translucent door.
  1911 | D:3      | Noticed Crazy Yiuf
  2249 | D:3      | Noticed Sigmund
  2285 | D:4      | Found Zexim's Jewellery Shoppe.
  2351 | D:4      | Reached XP level 5. HP: 8/33 MP: 1/5
  2352 | D:4      | HP: 1/33 [wight/+4 war axe (7)]
  2368 | D:4      | Slain by a wight

Illustrated notes

Levels and vault maps discovered:
D:1:      minmay_arrival_doors, layout_basic, serial_shops, shop_statue
D:2:      layout_loops_ring, dreamdust_ecumenical_altar_drowned_temple
D:3:      layout_basic, uniq_crazy_yiuf_cottage, uniq_pargi, uniq_sigmund
D:4:      layout_cave_pools, hangedman_abyss_or_decor_stabs,
          nicolae_stop_n_shop_1, uniq_pikel, uniq_duvessa, uniq_natasha,
          uniq_blork_the_orc, uniq_robin

Skill      XL: |  1  2  3  4 |
---------------+-------------+-----
Maces & Flails | 3 |  3.6
Armour         | 4 |  4.5
Fighting       | |  3.8
Dodging        | |  0.5
Stealth        | |  0.1
Shields        | |  3.8

Action                   |  1- 3 |  4- 6 || total
-------------------------+-------+-------++-------
Melee: Flail             |    87 |       ||    87
       Mace              |     5 |    97 ||   102
Armor: Scale mail        |    42 |    19 ||    61
       Ring mail         |       |    22 ||    22
Dodge: Dodged            |    47 |    41 ||    88
Block: Buckler           |    28 |    14 ||    42

Table legend: (Time is in decaauts)
 A = Elapsed time spent in this place.
 B = Non-inter-level travel time spent in this place.
 C = Inter-level travel time spent in this place.
 D = Time resting spent in this place.
 E = Time spent auto-exploring this place.
 F = Levels seen in this place.
 G = Mean time per level.
                   A        B        C        D        E       F      G
               +--------+--------+--------+--------+--------+-----+--------+
         Total |   2434 |   2326 |    108 |    186 |   1617 |   4 |  608.5 |
       Dungeon |   2434 |   2326 |    108 |    186 |   1617 |   4 |  608.5 |
               +--------+--------+--------+--------+--------+-----+--------+

Top non-repeatable levels by time:
     D:2: 1050 daAuts
     D:1: 840 daAuts
     D:3: 456 daAuts
     D:4: 86 daAuts
